AoeStats
← HAKUNA MATATA

Arena

503823465Analyzed
4v4 RM · 1mo ago on Sep 2, 2026· 53m 13s· 8 players
Game mode
Random Map
Map size
Large (8 player)
Population
200
Speed
Normal
Resources
Standard
Victory
Conquest
Starting age
Dark Age
Ending age
Imperial Age
RankedLock teamsTeams togetherTeam positionsShared explorationLock speedFull tech treeHidden civsTurbo modeCheats
Victory
Defeat
🇪🇸 Franks · Spain
1515
+8
🇭🇰 Ethiopians · Hong Kong SAR China
1481
+9
🇪🇸 Turks · Spain
1294
+17
🇹🇷 Malay · Türkiye
1162
+23
🇳🇱 Persians · Netherlands
1355
-16
🇦🇺 Malay · Australia
1335
-15
🇨🇳 Vietnamese · China
1318
-14
🇻🇳 Slavs · Vietnam
1294
-13
Diminius
11:21 Feudal Age
15:34 Castle Age
13:36 Horse Collar
14:04 Double-Bit Axe
17:13 Fervor
17:40 Bow Saw
17:34 Heavy Plow
20:21 Loom
21:42 Wheelbarrow
20:57 Town Watch
23:27 Forging
24:35 Gold Mining
24:56 Stone Mining
26:33 Hand Cart
27:22 Fletching
31:18 Imperial Age
29:27 Scale Barding Armor
29:57 Iron Casting
30:39 Bloodlines
30:29 Husbandry
31:30 Bodkin Arrow
30:57 Cavalier
32:00 Chain Barding Armor
32:40 Blast Furnace
32:18 Conscription
32:09 Citadels
32:49 Savar
34:09 Town Patrol
34:24 Murder Holes
35:53 Plate Barding Armor
36:18 Blast Furnace
35:44 Ballistics
37:38 Gold Shaft Mining
37:40 Stone Shaft Mining
36:53 Light Cavalry
39:26 Hoardings
39:03 Masonry
39:57 Chemistry
39:21 Guilds
40:44 Heavy Camel Rider
43:01 Hussar
44:21 Architecture
45:35 Two-Man Saw
45:05 Crop Rotation
Giong
10:20 Feudal Age
15:22 Castle Age
13:48 Man-at-Arms
14:19 Horse Collar
14:28 Double-Bit Axe
15:25 Long Swordsman
16:32 Bow Saw
21:44 Squires
22:54 Scale Mail Armor
25:54 Stone Mining
29:41 Gold Mining
32:31 Imperial Age
32:46 Two-Handed Swordsman
33:43 Forging
34:25 Chain Mail Armor
34:38 Capped Ram
39:14 Heavy Plow
DreamStolen
11:31 Feudal Age
16:11 Castle Age
14:13 Horse Collar
14:51 Double-Bit Axe
16:55 Bow Saw
20:13 Wheelbarrow
23:28 Hand Cart
24:08 Heavy Plow
28:45 Imperial Age
29:17 Crop Rotation
29:10 Elite Battle Elephant
30:46 Scale Barding Armor
30:52 Forging
32:22 Husbandry
33:56 Iron Casting
40:55 Conscription
44:28 Blast Furnace
44:31 Forced Levy
46:28 Man-at-Arms
47:23 Long Swordsman
48:04 Squires
49:45 Caravan
49:18 Two-Handed Swordsman
_OMO_
10:33 Feudal Age
12:13 Loom
15:06 Castle Age
13:38 Double-Bit Axe
14:25 Horse Collar
16:47 Bow Saw
19:21 Fletching
20:51 Padded Archer Armor
22:57 Wheelbarrow
23:12 Bodkin Arrow
28:46 Hand Cart
31:45 Imperial Age
30:02 Gold Mining
30:03 Stone Mining
30:53 Heavy Plow
32:10 Leather Archer Armor
33:32 Chemistry
34:01 Two-Man Saw
32:39 Elite Skirmisher
33:22 Bracer
33:54 Ring Archer Armor
33:56 Thumb Ring
34:17 Ballistics
33:43 Imperial Skirmisher
34:29 Squires
38:24 Crop Rotation
37:49 Treadmill Crane
40:12 Siege Engineers
40:54 Man-at-Arms
40:56 Pikeman
41:23 Arson
41:41 Scale Mail Armor
41:51 Forging
42:20 Stone Shaft Mining
42:14 Paper Money
43:23 Bombard Tower
44:27 Paper Money
44:42 Coinage
44:23 Guilds
44:37 Chain Mail Armor
48:15 Town Watch
49:54 Banking
49:26 Caravan
49:55 Murder Holes
50:11 Fortified Wall
Puskas
10:04 Feudal Age
14:09 Castle Age
12:52 Double-Bit Axe
15:14 Bow Saw
23:03 Gold Mining
24:36 Loom
25:27 Wheelbarrow
24:43 Stone Mining
28:25 Imperial Age
26:14 Town Watch
26:44 Hand Cart
26:26 Pikeman
26:51 Gambesons
27:06 Squires
26:52 Arson
27:54 Forging
27:45 Scale Mail Armor
28:07 Ballistics
28:28 Halberdier
29:32 Conscription
29:47 Iron Casting
29:58 Gold Shaft Mining
29:39 Chain Mail Armor
29:56 Town Patrol
29:38 Capped Ram
32:32 Blast Furnace
32:03 Plate Mail Armor
33:35 Chemistry
34:16 Cavalier
34:58 Husbandry
35:54 Scale Barding Armor
35:37 Paladin
39:10 Chain Barding Armor
41:00 Coinage
44:30 Plate Barding Armor
45:22 Banking
53:37 Masonry
53:32 Siege Engineers
53:23 Murder Holes
53:19 Fletching
53:08 Spies/Treason
HAKUNA MATATA
11:16 Feudal Age
14:49 Castle Age
13:00 Double-Bit Axe
14:25 Horse Collar
15:04 Bow Saw
18:14 Heavy Plow
22:52 Town Watch
22:52 Loom
23:49 Wheelbarrow
24:31 Fletching
28:18 Bodkin Arrow
28:34 Forging
32:39 Imperial Age
31:30 Iron Casting
30:44 Elite Skirmisher
32:23 Pikeman
33:03 Squires
32:48 Arson
33:31 Hand Cart
33:20 Halberdier
36:05 Iron Casting
37:46 Blast Furnace
38:28 Forced Levy
38:52 Conscription
38:23 Man-at-Arms
39:22 Padded Archer Armor
39:22 Bracer
39:18 Long Swordsman
40:29 Two-Handed Swordsman
47:37 Chemistry
47:01 Ballistics
LagiPup
11:27 Feudal Age
15:15 Castle Age
13:24 Horse Collar
13:53 Double-Bit Axe
16:51 Wheelbarrow
16:28 Bow Saw
20:30 Loom
27:11 Imperial Age
24:52 Fletching
24:45 Crossbowman
25:26 Padded Archer Armor
27:04 Bodkin Arrow
27:37 Leather Archer Armor
27:52 Ballistics
27:27 Arbalester
29:14 Hand Cart
29:49 Squires
30:03 Scale Mail Armor
30:13 Forging
31:24 Bracer
33:04 Chemistry
32:31 Chain Mail Armor
33:32 Ring Archer Armor
33:29 Squires
33:15 Arson
34:33 Thumb Ring
34:33 Arson
34:38 Halberdier
38:01 Iron Casting
37:57 Plate Mail Armor
37:39 Masonry
37:27 Elite Skirmisher
38:34 Fortified Wall
44:19 Town Watch
Coldazzzn
11:55 Feudal Age
16:14 Castle Age
14:29 Double-Bit Axe
15:54 Horse Collar
17:24 Bow Saw
23:28 Loom
31:58 Wheelbarrow
39:07 Imperial Age
38:37 Hand Cart
38:40 Town Watch
38:56 Padded Archer Armor
39:13 Elite Janissary
42:43 Heavy Plow
43:03 Gold Mining
43:03 Stone Mining
45:45 Conscription
47:32 Leather Archer Armor
48:17 Artillery
52:12 Ring Archer Armor
51:43 Stone Mining
52:28 Gold Shaft Mining
52:01 Spies/Treason
Connection lost

Rejoining the realm…

Still unreachable

The connection could not be restored.

Session expired

The server has moved on; the page needs a fresh start.